 Dungeon Crawl Stone Soup version 0.17-a0-1046-ga09e34d (webtiles) character file.

134106 Fluffy the Severer (level 17, -2/163 HPs)
             Began as a Hill Orc Fighter on May 15, 2015.
             Was the Champion of Qazlal.
             Slain by the 27-headed Lernaean hydra (7 damage)
             ... on level 4 of the Swamp.
             The game lasted 01:54:02 (26008 turns).

Fluffy the Severer (Hill Orc Fighter)              Turns: 26008, Time: 01:54:02

Health: -2/163     AC: 30    Str: 17    XL:     17   Next: 16%
Magic:  22/29      EV:  8    Int: 16    God:    Qazlal [******]
Gold:   3177       SH:  8    Dex: 15    Spells: 0 memorised, 16 levels left

rFire  + . .     SeeInvis +     t - +4 battleaxe of the Seven Wars {flame, rC+}
rCold  + + .     Clarity  .     f - +2 chain mail {rF+}
rNeg   + . .     SustAb   .     (no shield)
rPois  +         Gourm    .     a - +3 crown of Dyrovepreva {rElec Int+2 SInv}
rElec  +         Spirit   .     Q - +1 cloak of the Special Songs {rC+ Str-4 Int+4}
rCorr  .         Warding  .     G - +2 pair of gloves
rMut   .         Stasis   .     E - +0 pair of boots
MR     +....                    I - amulet of regeneration
Stlth  ..........               F - ring of poison resistance
                                J - ring of positive energy

@: protected from physical damage, studying Shields, repel missiles, somewhat
resistant to hostile enchantments, extremely unstealthy
A: clever 1
a: Upheaval, Elemental Force, Disaster Area, Renounce Religion


You were on level 4 of the Swamp.
You worshipped Qazlal.
Qazlal was exalted by your worship.
You were not hungry.

You visited 5 branches of the dungeon, and saw 30 of its levels.
You also visited: Labyrinth and Bailey.

You collected 4147 gold pieces.
You spent 970 gold pieces at shops.

Inventory:

Hand weapons
 q - a +1 war axe of holy wrath
 t - the +4 battleaxe of the Seven Wars (weapon) {flame, rC+}
   (You bought it in a shop on level 4 of the Orcish Mines)

   It has been specially enchanted to burn those struck by it, causing extra
   injury to most foes and up to half again as much damage against particularly
   susceptible opponents.
   Big, fiery blades are also staple armaments of hydra-hunters.
   It protects you from cold.
 w - a +5 war axe of flaming
Armour
 a - the +3 crown of Dyrovepreva (worn) {rElec Int+2 SInv}
   (You found it in a bailey)

   It affects your intelligence (+2).
   It insulates you from electricity.
   It lets you see invisible.
 c - a +0 shield
 f - a +2 chain mail of fire resistance (worn)
 r - a +0 cloak
 E - a +0 pair of boots (worn)
 G - a +2 pair of gloves (worn)
 Q - the +1 cloak of the Special Songs (worn) {rC+ Str-4 Int+4}
   (You found it on level 6 of the Lair of Beasts)

   It affects your strength (-4).
   It affects your intelligence (+4).
   It protects you from cold.
Rods
 N - a +8 rod of destruction (9/9)
   (You found it in a labyrinth)
 R - a +3 rod of ignition (9/9)
   (You found it in a labyrinth)
Jewellery
 y - an uncursed amulet of warding
 F - a ring of poison resistance (right hand)
 I - an amulet of regeneration (around neck)
 J - a ring of positive energy (left hand)
 K - an uncursed ring of fire
 L - an uncursed amulet of resist corrosion
 T - an uncursed ring of sustain abilities
 V - the ring of the Meadowlark {+Blink AC+2 Int+2}
   (You found it in a labyrinth)

   [ring of protection]

   It affects your AC (+2).
   It affects your intelligence (+2).
   It lets you blink.
Magical devices
 s - a wand of lightning (13)
 C - a wand of teleportation (0)
 M - a wand of disintegration (13)
Scrolls
 i - 7 scrolls of recharging
 k - 11 scrolls of enchant weapon
 l - 14 scrolls of remove curse
 n - 7 scrolls of identify
 o - 7 scrolls of teleportation
 H - 4 scrolls of enchant armour
 S - 4 scrolls of magic mapping
Potions
 d - a potion of might
 m - 2 potions of agility
 p - a potion of ambrosia
 u - 3 potions of cancellation
 x - 3 potions of resistance
 A - 3 potions of heal wounds
 D - 13 potions of curing
 P - 2 potions of haste
 W - 2 potions of flight
 Y - a potion of magic
Books
 U - a manual of Shields
Miscellaneous
 j - a legendary deck of escape
 v - a fan of gales
 Z - a phial of floods
Comestibles
 b - 21 fruits
 e - 22 bread rations
 g - 3 royal jellies
 h - 6 meat rations
 z - 5 slices of pizza
 B - 6 beef jerkies
 O - a chunk of flesh


   Skills:
 + Level 17.8 Fighting
 + Level 19.1 Axes
 + Level 16.5 Armour
 - Level 3.2 Shields
 + Level 17.6 Invocations


You had 16 spell levels left.
You didn't know any spells.

Dungeon Overview and Level Annotations

Branches:
Dungeon (13/15)            Temple (1/1) D:7            Lair (8/8) D:11
  Swamp (4/4) Lair:3        Snake (0/4) Lair:5        Slime (0/6) Lair:6
    Orc (4/4) D:9             Elf (0/3) Orc:3        Vaults (0/5) D:13

Altars:
Ashenzari
Cheibriados
Elyvilon
Fedhas
Gozag
Kikubaaqudgha
Makhleb
Nemelex Xobeh
Okawaru
Qazlal
Ru
Sif Muna
Trog
Vehumet
Xom
Yredelemnul
Zin
The Shining One
Beogh

Shops:
D:8 =   D:10 (   Orc:4 ((*!

Annotations:
D:6 Prince Ribbit
Swamp:4 Lernaean hydra


Innate Abilities, Weirdness & Mutations

Your mind is acute. (Int +2)


Message History

The 27-headed Lernaean hydra bites you but does no damage. x2
You block the 27-headed Lernaean hydra's attack.
The 27-headed Lernaean hydra bites you but does no damage.
The 27-headed Lernaean hydra bites you!
* * * LOW HITPOINT WARNING * * *
You feel more protected from physical attacks.
The 27-headed Lernaean hydra barely misses you.
The 27-headed Lernaean hydra bites you but does no damage.
The 27-headed Lernaean hydra completely misses you.
The 27-headed Lernaean hydra bites you but does no damage.
You block the 27-headed Lernaean hydra's attack.
The 27-headed Lernaean hydra bites you.
* * * LOW HITPOINT WARNING * * *
The 27-headed Lernaean hydra bites you but does no damage.
The 27-headed Lernaean hydra bites you.
* * * LOW HITPOINT WARNING * * *
The 27-headed Lernaean hydra bites you.
* * * LOW HITPOINT WARNING * * *
The 27-headed Lernaean hydra bites you!
You die...

.≈...≈♣ ≈?....♣♣
♣♣♣♣♣♣♣♣≈.≈..≈♣
♣♣≈§§≈§.♣≈.....♣♣♣
♣≈.≈≈.≈<.[≈≈.[≈≈≈♣♣
♣.≈≈.♣.§≈≈≈≈≈≈≈...♣♣
♣..♣≈.≈≈§.≈§≈.≈≈≈.?♣≈≈
♣ ♣≈$.§≈≈§≈§≈.≈≈≈...≈≈
♣≈≈§.§≈@D§≈.≈≈≈.≈...
♣.≈§§§§.D§§§§≈≈≈..≈≈
♣♣♣♣♣♣♣♣≈..§§≈≈≈.≈≈≈
♣♣♣♣♣♣♣≈.≈≈≈≈≈≈≈≈
♣≈≈≈. ♣♣≈§≈≈..≈≈≈
♣§≈≈.♣♣♣§≈.≈..≈≈≈..
♣.≈≈.≈.§...♣≈≈≈≈≈≈.≈≈
♣....♣.≈≈≈≈≈...§≈≈≈≈≈≈
♣.. ♣♣.D.≈≈.....≈≈≈≈≈≈


You could see the 27-headed Lernaean hydra and a five-headed hydra.

Vanquished Creatures
  Jorgrun (Swamp:2)
  A thorn hunter (Swamp:2)
  Frances (Swamp:1)
  Donald (Swamp:1)
  Maud (Lair:7)
  Louise (Swamp:4)
  A very ugly thing (Swamp:1)
  A minotaur (Lab)
  4 vault guards (D:13)
  A fire dragon (Lair:8)
  Fannar (Lair:1)
  Harold (Orc:2)
  An ice dragon (Lair:8)
  21 hydras
  Erica (D:9)
  2 centaur warriors (D:13)
  A ghost crab (Swamp:4)
  5 alligators
  2 ogre magi (D:13)
  3 orc high priests (Orc:4)
  16 death yaks
  3 skeletal warriors (D:13)
  4 hill giants
  A spriggan druid (Swamp:2)
  2 shambling mangroves
  4 unseen horrors
  3 lindwurms
  5 swamp dragons
  10 orc knights
  4 orc sorcerers
  2 ugly things
  A griffon (Lair:5)
  3 cyclopes
  4 black mambas
  Joseph (D:7)
  2 centaur zombies
  16 spiny frogs
  6 torpor snails
  9 komodo dragons
  4 fire drakes
  A tengu conjurer (D:13)
  4 trolls
  A two-headed ogre (Orc:2)
  8 slime creatures
  A spectral trapdoor spider (Swamp:4)
  Grinder (D:4)
  5 giant leeches
  12 bog bodies
  17 ravens
  8 blink frogs
  A centaur simulacrum (D:13)
  70 yaks
  9 spriggans
  2 wyverns
  3 wraiths (Orc:2)
  A deep elf fighter (D:13)
  7 shadows
  A hungry ghost (D:11)
  6 basilisks
  2 wargs
  A deep elf mage (D:9)
  2 nagas (Lair:5)
  12 wolves (Lair:5)
  2 steam dragons (Lair:8)
  13 vampire mosquitoes
  Menkaure (D:4)
  4 mottled dragons
  20 swamp worms
  10 hippogriffs
  5 insubstantial wisps (Swamp:1)
  11 porcupines
  15 water moccasins
  2 sky beasts
  2 black bears
  9 ice beasts
  10 wasps
  8 centaurs
  15 ogres
  11 swamp drakes
  46 orc warriors
  20 crocodiles
  A phantom (D:10)
  3 big kobolds
  4 brain worms (Lair:8)
  19 giant frogs
  An earth elemental (Lab)
  7 jellies
  3 scorpions
  A wyvern skeleton (D:8)
  4 killer bees (D:12)
  11 wights
  7 hounds
  7 crimson imps
  A quasit (D:9)
  Ijyb (D:2)
  3 centaur skeletons
  4 giant frog skeletons
  3 gnoll shamans
  19 orc priests
  Natasha (twice) (D:2)
  14 iguanas
  24 orc wizards
  12 worker ants
  A killer bee zombie (D:8)
  A hound skeleton (D:11)
  Robin (D:3)
  13 adders
  49 river rats
  13 gnolls
  3 shadow imps
  2 oozes
  2 adder skeletons
  An adder zombie (D:4)
  20 worms
  6 giant geckos
  158 orcs
  3 ball pythons
  19 bats
  A bat skeleton (D:7)
  4 giant cockroaches
  24 hobgoblins
  9 jackals
  4 quokkas
  4 giant newts
  33 goblins
  A jackal skeleton (D:6)
  26 kobolds
  A quokka skeleton (D:8)
  A quokka zombie (D:6)
  14 rats
  78 fungi
  73 plants
1246 creatures vanquished.

Vanquished Creatures (others)
  Josephine (Orc:2)
  A spriggan druid (Swamp:4)
  A deep elf mage (D:12)
  A swamp drake (Swamp:4)
  6 fungi
  9 plants
19 creatures vanquished.

Grand Total: 1265 creatures vanquished

Notes
Turn   | Place    | Note
--------------------------------------------------------------
     0 | D:1      | Fluffy the Hill Orc Fighter began the quest for the Orb.
     0 | D:1      | Reached XP level 1. HP: 19/19 MP: 1/1
    93 | D:1      | Reached XP level 2. HP: 17/27 MP: 2/2
   469 | D:2      | Reached XP level 3. HP: 33/33 MP: 3/3
   478 | D:2      | Reached skill level 4 in Fighting
   683 | D:2      | Found a white marble altar of Elyvilon.
   688 | D:2      | Noticed Natasha
   693 | D:2      | Killed Natasha
   693 | D:2      | Reached XP level 4. HP: 40/40 MP: 4/4
   758 | D:2      | Noticed Ijyb
   764 | D:2      | Killed Ijyb
   765 | D:2      | Reached XP level 5. HP: 42/47 MP: 5/5
   899 | D:2      | Noticed Natasha
   905 | D:2      | Killed Natasha
  1225 | D:3      | Noticed Robin
  1252 | D:3      | Killed Robin
  1314 | D:3      | Reached skill level 5 in Axes
  1328 | D:3      | Found a snail-covered altar of Cheibriados.
  1430 | D:3      | Reached skill level 5 in Fighting
  1591 | D:4      | Noticed Menkaure
  1591 | D:4      | Noticed Grinder
  1592 | D:4      | Paralysed by Grinder for 2 turns
  1625 | D:3      | Reached skill level 5 in Armour
  1625 | D:3      | Reached XP level 6. HP: 32/56 MP: 6/6
  1813 | D:4      | Got a scorched ring mail
  1824 | D:4      | Identified the cursed +1 ring mail of Negligence {rElec rN+ Int+9 Dex-2} (You took it off an orc on level 4 of the Dungeon)
  1825 | D:4      | Found an ancient bone altar of Kikubaaqudgha.
  1884 | D:4      | Killed Menkaure
  1884 | D:4      | Reached skill level 6 in Fighting
  1884 | D:4      | Reached XP level 7. HP: 19/63 MP: 7/7
  1889 | D:4      | Found a glowing golden altar of the Shining One.
  1904 | D:4      | Found a deep blue altar of Sif Muna.
  1904 | D:4      | Found a basalt altar of Yredelemnul.
  2145 | D:4      | Paralysed by Grinder for 3 turns
  2156 | D:4      | Killed Grinder
  2221 | D:4      | Found a sacrificial altar of Ru.
  2740 | D:5      | Entered Level 5 of the Dungeon
  2767 | D:5      | Reached skill level 7 in Fighting
  2767 | D:5      | Reached XP level 8. HP: 44/73 MP: 8/8
  3198 | D:5      | Found a white marble altar of Elyvilon.
  3854 | D:6      | Found a shattered altar of Ashenzari.
  3969 | D:6      | Reached skill level 8 in Axes
  4019 | D:6      | Found an iron altar of Okawaru.
  4019 | D:6      | Found a glowing silver altar of Zin.
  4530 | D:6      | Noticed Prince Ribbit
  5068 | D:7      | Noticed Joseph
  5089 | D:7      | Killed Joseph
  5089 | D:7      | Reached skill level 9 in Axes
  5089 | D:7      | Reached XP level 9. HP: 75/82 MP: 9/9
  5135 | D:7      | Found a deep blue altar of Sif Muna.
  5221 | D:7      | Found a staircase to the Ecumenical Temple.
  5229 | Temple   | Entered the Ecumenical Temple
  5282 | Temple   | Became a worshipper of Qazlal Stormbringer
  5359 | D:7      | Reached skill level 1 in Invocations
  5533 | D:7      | Reached skill level 10 in Axes
  5661 | D:7      | Reached XP level 10. HP: 88/93 MP: 11/13
  5717 | D:8      | Acquired Qazlal's first power
  5794 | D:8      | Found Bewkiall's Jewellery Emporium.
  5863 | D:8      | Reached skill level 10 in Fighting
  5952 | D:8      | Gained mutation: Your mind is acute. (Int +2) [potion of beneficial mutation]
  6539 | D:9      | Noticed Erica
  6552 | D:9      | Killed Erica
  6552 | D:9      | Reached skill level 11 in Axes
  6552 | D:9      | Reached skill level 5 in Invocations
  6631 | D:9      | Found a bloodstained altar of Trog.
  6836 | D:9      | Found a sparkling altar of Nemelex Xobeh.
  6975 | D:9      | Acquired Qazlal's second power
  7057 | D:9      | Reached skill level 10 in Armour
  7221 | D:9      | Found a staircase to the Orcish Mines.
  7336 | D:10     | Entered Level 10 of the Dungeon
  7390 | D:10     | Reached XP level 11. HP: 93/102 MP: 16/16
  7467 | D:10     | Reached skill level 12 in Axes
  7501 | D:10     | Found Qatocir's Antique Weapon Emporium.
  7547 | D:10     | Noticed a hill giant
  7554 | D:10     | Killed a hill giant
  7716 | D:10     | Acquired Qazlal's third power
  7869 | D:10     | Killed an unseen horror
  7969 | D:10     | Noticed a red ugly thing
  7975 | D:10     | Killed a red ugly thing
  8569 | D:11     | Killed an unseen horror
  8597 | D:11     | Found a staircase to the Lair.
  8951 | D:11     | Acquired Qazlal's fourth power
  8963 | D:11     | Reached XP level 12. HP: 112/112 MP: 19/19
  8969 | D:11     | Reached skill level 13 in Axes
  9186 | D:11     | Reached skill level 10 in Invocations
 10061 | Lair:1   | Entered Level 1 of the Lair of Beasts
 10162 | Lair:1   | Noticed Fannar
 10204 | Lair:1   | Killed Fannar
 10336 | Lair:1   | Acquired Qazlal's fifth power
 10876 | Lair:2   | Noticed a five-headed hydra
 10883 | Lair:2   | Killed a two-headed hydra
 10918 | Lair:2   | Found a labyrinth entrance.
 10929 | Lab      | Entered a labyrinth
 10989 | Lab      | Noticed a minotaur
 10996 | Lab      | Killed a minotaur
 10996 | Lab      | Reached skill level 14 in Axes
 11004 | Lab      | Identified the Compendium of Companions
 11004 | Lab      | Got a slimy silver ring
 11005 | Lab      | Got a thick robe
 11029 | Lair:2   | Identified the ring of the Meadowlark {+Blink AC+2 Int+2} (You found it in a labyrinth)
 11054 | Lair:2   | Identified the +3 robe of Ubrare {Str+7} (You found it in a labyrinth)
 11065 | Lair:2   | Identified a +8 rod of destruction (9/9) (You found it in a labyrinth)
 11066 | Lair:2   | Identified a +3 rod of ignition (9/9) (You found it in a labyrinth)
 11161 | Lair:2   | Noticed a seven-headed hydra
 11168 | Lair:2   | Killed a five-headed hydra
 11267 | Lair:2   | Reached XP level 13. HP: 117/122 MP: 21/21
 11990 | Lair:3   | Found a staircase to the Swamp.
 13522 | Lair:5   | Found a staircase to the Snake Pit.
 13542 | Lair:5   | Reached skill level 15 in Axes
 14528 | Lair:6   | Got an encrusted cloak
 14539 | Lair:6   | Identified the +1 cloak of the Special Songs {rC+ Str-4 Int+4} (You found it on level 6 of the Lair of Beasts)
 14603 | Lair:6   | Found a staircase to the Slime Pits.
 15416 | Lair:7   | Reached XP level 14. HP: 126/133 MP: 23/23
 15433 | Lair:7   | Noticed Maud
 15450 | Lair:7   | Killed Maud
 15530 | Lair:7   | Reached skill level 16 in Axes
 15848 | Lair:7   | Reached skill level 15 in Fighting
 16233 | Lair:8   | Entered Level 8 of the Lair of Beasts
 16846 | Lair:8   | Paralysed by a wasp for 2 turns
 17103 | Lair:8   | Found a runed door.
 17298 | Lair:8   | Reached XP level 15. HP: 114/143 MP: 26/26
 17420 | Lair:7   | Reached skill level 17 in Axes
 17755 | Orc:1    | Entered Level 1 of the Orcish Mines
 17755 | Orc:1    | Found a burning altar of Makhleb.
 18028 | Orc:2    | Noticed Harold
 18040 | Orc:2    | Killed Harold
 18186 | Orc:3    | Reached skill level 15 in Invocations
 18200 | Orc:3    | Found a flagged portal.
 18205 | Bailey   | Entered a bailey
 18565 | Orc:3    | Found a staircase to the Elven Halls.
 19012 | Orc:2    | Noticed Josephine
 19025 | Orc:2    | Killed Josephine
 19268 | Orc:4    | Entered Level 4 of the Orcish Mines
 19657 | Orc:4    | Found a roughly hewn altar of Beogh.
 19875 | Orc:4    | Found Tehok's Distillery.
 19875 | Orc:4    | Found Tejer's Antique Weapon Emporium.
 19877 | Orc:4    | Found Waetes's Assorted Antiques.
 19877 | Orc:4    | Found Vuithuopup's Weapon Emporium.
 20430 | Orc:4    | Bought a jewelled battleaxe for 368 gold pieces
 20436 | Orc:4    | Identified the +4 battleaxe of the Seven Wars {flame, rC+} (You bought it in a shop on level 4 of the Orcish Mines)
 20438 | Orc:4    | Bought a jade ring for 160 gold pieces
 20452 | Orc:4    | Bought a potion of curing for 39 gold pieces
 20452 | Orc:4    | Bought a potion of resistance for 130 gold pieces
 20452 | Orc:4    | Bought a potion of resistance for 130 gold pieces
 20452 | Orc:4    | Bought a potion of heal wounds for 65 gold pieces
 20452 | Orc:4    | Bought a potion of curing for 39 gold pieces
 20452 | Orc:4    | Bought a potion of curing for 39 gold pieces
 21079 | D:12     | Noticed a hill giant
 21088 | D:12     | Killed a hill giant
 21110 | D:12     | Reached skill level 15 in Armour
 22650 | D:13     | Reached skill level 18 in Axes
 22650 | D:13     | Reached XP level 16. HP: 143/152 MP: 28/28
 22680 | D:13     | Found a gate to the Vaults.
 23188 | Swamp:1  | Entered Level 1 of the Swamp
 23532 | Swamp:1  | Noticed Donald
 23553 | Swamp:1  | Killed Donald
 23937 | Swamp:1  | Noticed Frances
 23957 | Swamp:1  | Killed Frances
 24194 | Swamp:2  | Noticed Jorgrun
 24211 | Swamp:2  | Killed Jorgrun
 24319 | Swamp:2  | Noticed a thorn hunter
 24336 | Swamp:2  | Killed a thorn hunter
 25630 | Swamp:4  | Entered Level 4 of the Swamp
 25779 | Swamp:4  | Noticed Louise
 25811 | Swamp:4  | Reached XP level 17. HP: 113/162 MP: 29/29
 25817 | Swamp:4  | Killed Louise
 25817 | Swamp:4  | Reached skill level 19 in Axes
 25989 | Swamp:4  | Noticed the 27-headed Lernaean hydra
 26006 | Swamp:4  | HP: 5/163 [the 27-headed Lernaean hydra (5)]
 26008 | Swamp:4  | Slain by the 27-headed Lernaean hydra

Vault maps used:
D:1:      dpeg_arrival_pits
D:2:      first_bread, minmay_misc_feat_diagonals, elyvilon_altar_1,
          uniq_natasha, uniq_iyjb
D:3:      lemuel_doored_altar, uniq_robin
D:4:      nicolae_ru_path_of_blood, kiku_gazebo_garden_becter,
          grunt_temple_overflow_open, uniq_menkaure, uniq_grinder
D:5:      kennysheep_mini
D:6:      nicolae_ashenzari_panopticon, gammafunk_temple_overflow_wave,
          uniq_prince_ribbit1
D:7:      kennysheep_orc_sif_temple, temple_green, uniq_joseph
D:8:      serial_shops, shop
D:9:      nicolae_overflow_hidden_temple, nemelex_deck, erik_orc_1, basic_altar,
          grunt_decor_one_mirror, the_bakery, uniq_erica
D:10:     serial_shops, nicolae_shop_overgrown_old_shop
D:11:     dpeg_lair_monsters, special_room
D:13:     grunt_vaults_entry_fortified
Temple:   nicolae_temple_great_sept
Lair:1:   beast_lair_carwin_3, grunt_megastairs_2, bh_autumn_forest_stairs,
          lemuel_fruit_tree, uniq_fannar
Lair:2:   lab_entry_generic, lemuel_fruit_fields
Lair:3:   swamp_mist_pool
Lair:4:   serial_bayou_shore_b, serial_bayou_shore_b
Lair:5:   guppyfry_snake_entry_island
Lair:6:   minmay_slime_entry_oklob_open, serial_bayou_shore_b,
          lemuel_fruit_fields
Lair:7:   serial_bayou_lagoon_a, grunt_megastairs_3, uniq_maud
Lair:8:   wormcave, guppyfry_lair_end_dragon, st_stairs_9
Swamp:1:  serial_swamp_ruin, evilmike_swamp_ruin_house_1,
          evilmike_swamp_ruin_house_2, swamp_pool3, st_shrine_of_shade,
          uniq_frances, uniq_donald
Swamp:2:  nicolae_swamp_triple_paths, uniq_jorgrun
Swamp:3:  infiniplex_staircase_pool
Swamp:4:  swamp_old_school, infiniplex_staircase_pool_2, uniq_louise
Orc:1:    basic_altar
Orc:2:    uniq_harold, uniq_josephine
Orc:3:    enter_bailey_3, nicolae_orc_pool_cavern
Orc:4:    grunt_orc_tribal_feast, mines1_david
Lab:      nicolae_lab_quarters, nicolae_lab_lava
Bailey:   bailey_polearm_4, bailey

Action                   |  1- 3 |  4- 6 |  7- 9 | 10-12 | 13-15 | 16-18 || total
-------------------------+-------+-------+-------+-------+-------+-------++-------
Melee: War axe           |   103 |   186 |   364 |   746 |  1069 |       ||  2468
       Battleaxe         |       |       |       |       |   233 |   459 ||   692
       Halberd           |       |       |       |       |    30 |       ||    30
Invok: Upheaval          |       |       |       |       |     6 |       ||     6
       Disaster Area     |       |       |       |       |       |     1 ||     1
 Abil: Evoke Blink       |       |       |       |       |     3 |       ||     3
Evoke: Rod               |       |       |       |       |    12 |       ||    12
  Use: Scroll            |       |    10 |     7 |     8 |    10 |     1 ||    36
       Potion            |       |     1 |     1 |     1 |       |     2 ||     5
 Stab: Distracted        |       |       |       |     1 |       |       ||     1
  Eat: Chunk             |       |     4 |    13 |    21 |    38 |    16 ||    92
       Bread ration      |       |       |       |     1 |     1 |       ||     2
       Fruit             |       |       |       |       |     4 |       ||     4
